 Dungeon Crawl Stone Soup version 0.30-a0-782-ge64f9170bb (webtiles) character file.

Game seed: 1134742022415163928

701 theswoord the Cruncher (level 7, -1/66 (75) HPs)
             Began as a Demonspawn Gladiator on Mar 16, 2023.
             Slain by a wight
             ... wielding a +0 flail
              (3 damage)
             ... on level 6 of the Dungeon.
             The game lasted 00:05:21 (3897 turns).

theswoord the Cruncher (Demonspawn Gladiator)       Turns: 3897, Time: 00:05:21

HP:   -1/66 (75)    AC: 23    Str: 17    XL:     7   Next: 38%
MP:   16/16         EV:  2    Int:  9    God:
Gold: 235           SH:  0    Dex: 14    Spells: 6/6 levels left

rFire   . . .      SeeInvis .    a - +0 quarterstaff
rCold   . . .      Faith    .    (shield currently unavailable)
rNeg    . . .      Spirit   .    (body armour currently unavailable)
rPois   +          Reflect  .    (helmet currently unavailable)
rElec   .          Harm     .    (cloak currently unavailable)
rCorr   .          Rampage  .    (gloves currently unavailable)
Will    .....      NoTele   +    (boots currently unavailable)
Stlth   ++                       (no amulet)
HPRegen 0.31/turn                l - ring of Eternal Harmony {Fly rPois Stlth+}
MPRegen 0.15/turn                k - ring of magical power

@: tree-form, heavily drained
A: stationary, stasis, torment immunity, boosted hp, (hooves 2), (large bone
plates 3), evolution 1
a: no special abilities


You were on level 6 of the Dungeon.
You were a tree.
You visited 1 branch of the dungeon, and saw 6 of its levels.

You collected 235 gold pieces.

Inventory:

Hand Weapons
 a - a +0 quarterstaff (weapon)
Missiles
 d - a throwing net (quivered)
 e - a javelin
Armour
 b - a +0 leather armour
 c - a +0 helmet (melded)
 f - a +1 plate armour (melded)
Jewellery
 k - a ring of magical power (right branch)
 l - the ring of Eternal Harmony (left branch) {Fly rPois Stlth+}
   (You found it on level 2 of the Dungeon)

   [ring of flight]

   rPois:     It protects you from poison.
   Fly:       It grants you flight.
   Stlth:     It makes you more stealthy.
Wands
 o - a wand of light (5)
 p - a wand of iceblast (2)
 t - a wand of paralysis (3)
Scrolls
 h - a scroll of vulnerability
 i - a scroll of noise
 r - a scroll of enchant armour
 s - 5 scrolls of identify
Potions
 g - a potion of mutation
 j - a potion of ambrosia
 m - a potion of flight
 n - 4 potions of brilliance


   Skills:
 - Level 2.0 Fighting
 + Level 8.0 Staves
 - Level 1.7 Throwing
 - Level 2.6 Dodging


You had 6 spell levels left.
You didn't know any spells.
Your spell library was empty.

Dungeon Overview and Level Annotations

Branches:
Dungeon (6/15)
 Temple: D:4-7

Altars:
Uskayaw

Annotations:
D:4 1 runed translucent door, emiel's ghost, novice FoEE


Innate Abilities, Weirdness & Mutations

You are a tree.
Your roots penetrate the ground, keeping you stationary.
You cannot be teleported.
You are immune to unholy pain and torment.
Your maximum health is greatly increased.
Your equipment is partially melded.
((You have hoof-like feet.))
((You are completely covered in large bone plates. (SH +8)))
You have hidden genetic potential.


Message History

You sock the orc wizard!
The orc wizard hits you but does no damage.
The wight hits you with a +0 flail.
* * * LOW HITPOINT WARNING * * *
The wight hits you but does no damage.
You hit the orc wizard.
The orc wizard hits you with a +0 dagger.
* * * LOW HITPOINT WARNING * * *
The wight hits you with a +0 flail.
* * * LOW HITPOINT WARNING * * *
The wight barely misses you.
You hit the orc wizard. The orc wizard barely misses you.
The wight hits you but does no damage. x2
You barely miss the orc wizard.
The orc wizard hits you with a +0 dagger.
* * * LOW HITPOINT WARNING * * *
The wight hits you but does no damage. x2
You hit the orc wizard.
You kill the orc wizard!
The wight hits you but does no damage. x2
Your Staves skill increases to level 8!
You hit the wight but do no damage. Something hits you but does no damage.
The wight hits you from afar with a +0 halberd!
* * * LOW HITPOINT WARNING * * *
The wight hits you but does no damage.
You sock the wight!
The wight hits you but does no damage. x2
Something hits you but does no damage. The white imp spits at you.
You barely miss the wight. The wight hits you with a +0 flail.
* * * LOW HITPOINT WARNING * * *
You feel drained. The wight hits you but does no damage.
Something hits you but does no damage.
You closely miss the wight.
The wight hits you from afar with a +0 halberd!
* * * LOW HITPOINT WARNING * * *
You feel drained. Something hits you but does no damage.
The wight hits you but does no damage.
You hit the wight but do no damage. You hit the wight.
The wight hits you with a +0 flail.
You die...

#.# #.# .!.
#.# #.# #o#
#{# .......
#♣#..........
#z#.o.........
#z#...z.......
#h#...........
#5#...........
#z##..........
#zzz5z........
####z.........
#..<.......


You could see a black bear, 5 wights, a white imp and an orc.

Vanquished Creatures
  Edmund (D:5)
  A black bear (D:5)
  2 orc priests
  3 hounds
  Ijyb (D:5)
  Jessica (D:3)
  2 iguanas
  An orc wizard (D:6)
  4 gnolls (D:2)
  9 adders
  A white imp (D:3)
  An ufetubus (D:5)
  4 worms
  A dart slug (D:1)
  5 orcs
  6 endoplasms
  4 giant cockroaches
  9 goblins
  3 hobgoblins
  4 kobolds
  A quokka (D:2)
  4 ball pythons
  4 bats
  A frilled lizard (D:1)
  7 rats
80 creatures vanquished.

Vanquished Creatures (others)
  2 withered plants (D:4)
2 creatures vanquished.

Grand Total: 82 creatures vanquished

Notes
Turn   | Place    | Note
-------+----------+-------------------------------------------
     0 | D:1      | theswoord the Demonspawn Gladiator began the quest for the
                  | Orb.
     0 | D:1      | Reached XP level 1. HP: 16/16 MP: 1/1
    85 | D:1      | Reached skill level 3 in Staves
   125 | D:1      | Gained mutation: You are partially covered in large bone
                  | plates. (SH +4) [demonic ancestry]
   125 | D:1      | Reached XP level 2. HP: 22/22 MP: 2/2
   621 | D:2      | Gained mutation: You have large cloven feet. [demonic
                  | ancestry]
   621 | D:2      | Reached XP level 3. HP: 27/27 MP: 3/3
   652 | D:2      | Reached skill level 4 in Staves
   856 | D:2      | Identified the ring of Eternal Harmony {Fly rPois Stlth+}
  1015 | D:2      | Gained mutation: You have hoof-like feet. [demonic
                  | ancestry]
  1015 | D:2      | Reached XP level 4. HP: 33/33 MP: 4/4
  1138 | D:2      | Reached skill level 5 in Staves
  1830 | D:3      | Noticed Jessica
  1836 | D:3      | Killed Jessica
  1837 | D:3      | Reached XP level 5. HP: 18/38 MP: 5/5
  1962 | D:3      | Found a hide-covered altar of Uskayaw.
  2493 | D:4      | Reached skill level 6 in Staves
  2672 | D:4      | Gained mutation: You are mostly covered in large bone
                  | plates. (SH +6) [demonic ancestry]
  2672 | D:4      | Reached XP level 6. HP: 32/44 MP: 6/6
  2779 | D:4      | Found a runed translucent door.
  2780 | D:4      | Identified the +2 mace of Jedoreos {flame, Str+2}
  2780 | D:4      | Noticed emiel's ghost (novice FoEE)
  2836 | D:4      | You are sucked into a shaft and drop 1 floor!
  2836 | D:5      | Entered Level 5 of the Dungeon
  3005 | D:5      | Noticed Edmund
  3031 | D:5      | HP: 1/44 [Edmund/+5 flail of protection (7)]
  3058 | D:5      | Killed Edmund
  3059 | D:5      | Reached skill level 7 in Staves
  3266 | D:5      | Noticed Ijyb
  3266 | D:5      | Paralysed by Ijyb for 5 turns
  3281 | D:5      | Paralysed by Ijyb for 3 turns
  3290 | D:5      | Killed Ijyb
  3291 | D:5      | Reached XP level 7. HP: 40/50 MP: 7/7
  3873 | D:6      | Gained mutation: You have hidden genetic potential. [potion
                  | of mutation]
  3873 | D:6      | Gained mutation: You are completely covered in large bone
                  | plates. (SH +8) [potion of mutation]
  3892 | D:6      | Reached skill level 8 in Staves
  3895 | D:6      | HP: 1/67 [wight/+0 halberd (8)]
  3897 | D:6      | Slain by a wight

Skill      XL: |  1  2  3  4  5  6  7 |
---------------+----------------------+-----
Staves         | 3 4 5 6 7 8 |  8.0
Fighting       | |  2.0
Throwing       | |  1.7
Dodging        | |  2.6

Action                     |  1- 3 |  4- 6 |  7- 9 || total
---------------------------+-------+-------+-------++-------
  Melee: Quarterstaff      |    81 |   161 |    42 ||   284
         Kick              |    13 |    34 |     4 ||    51
  Throw: Throwing net      |       |     3 |       ||     3
    Use: Scroll            |     4 |     7 |       ||    11
         Potion            |     3 |     3 |     2 ||     8
 Armour: Plate armour      |    48 |    72 |    26 ||   146
         Leather armour    |     1 |       |       ||     1
         Skin              |       |       |    34 ||    34
  Dodge: Dodged            |    22 |    27 |    12 ||    61
  Block: Other             |    11 |    23 |     5 ||    39

Levels and vault maps discovered:
D:1:      eino_arrival_tree_alley, layout_basic, minmay_pentomino_t4
D:2:      layout_basic
D:3:      layout_loops_ring, lemuel_crystal_altar, uniq_jessica
D:4:      layout_loops_ring, gammafunk_ghost_grave
D:5:      layout_rooms, uniq_edmund, uniq_ijyb
D:6:      layout_basic, minmay_temple_entry_arrows
